 Dungeon Crawl Stone Soup version 0.31-a0-934-gf4fcaacff8 (webtiles) character file.

Game seed: 6741552819552849821

277 MacCMillion the Ruffian (level 6, -4/41 HPs)
             Began as an Octopode Shapeshifter on Oct 20, 2023.
             Splashed by a jelly's acid (8 damage)
             ... on level 5 of the Dungeon.
             The game lasted 00:04:50 (4065 turns).

MacCMillion the Ruffian (Octopode Shapeshifter)     Turns: 4065, Time: 00:04:51

Health: -4/41      AC:  1    Str: 15    XL:     6   Next: 26%
Magic:  6/6        EV: 13    Int: 13    God:
Gold:   127        SH:  0    Dex: 11    Spells: 5/5 levels left

rFire   . .          .
                       - Unarmed
rCold   . . .        (no shield)
rNeg    . . .        (helmet currently unavailable)
rPois   .            (no amulet)
rElec   .            (no ring)
rCorr   .            (no ring)
SInv    .            (no ring)
Will    .....        (no ring)
Stlth   +++          (no ring)
HPRegen 0.26/turn    (no ring)
MPRegen 0.10/turn    (no ring)
                     (no ring)

%: no passive effects
@: beast-form
A: beast (slay +2), almost no armour, amphibious, 8 rings, camouflage 1,
gelatinous body 1, (nimble swimmer 1), tentacles
a: Begin Untransformation


You were on level 5 of the Dungeon.
You were a hulking beast.
You visited 1 branch of the dungeon, and saw 5 of its levels.

You collected 127 gold pieces.

Inventory:

Missiles
 l - 13 poisoned darts
Talismans
 b - a beast talisman (active)
 c - a flux talisman
Wands
 t - a wand of light (9)
Scrolls
 d - 3 scrolls of teleportation {unknown}
 g - 3 scrolls of identify {unknown}
 i - a scroll of immolation {unknown}
 k - a scroll of blinking {unknown}
 m - 3 scrolls of enchant weapon {unknown}
 n - a scroll of amnesia {unknown}
 o - a scroll of vulnerability {unknown}
 p - a scroll of noise {unknown}
 q - a scroll of torment {unknown}
 r - 2 scrolls of fog {unknown}
 s - 2 scrolls of revelation {unknown}
 u - a scroll of butterflies {unknown}
 v - a scroll of enchant armour {unknown}
Potions
 a - 2 potions of lignification
 e - 2 potions of heal wounds {unknown}
 f - a potion of resistance {unknown}
 h - a potion of haste {unknown}
 j - a potion of degeneration {unknown}


   Skills:
 + Level 2.4 Fighting
 + Level 3.1 Dodging
 + Level 3.2 Stealth
 * Level 4.6 Unarmed Combat
 + Level 3.6 Shapeshifting


You had 5 spell levels left.
You didn't know any spells.
Your spell library contained the following spells:

 Spells                   Type           Power      Damage    Failure   Level
 Freeze                   Ice            0%         1d3       30%         1
 Kiss of Death            Conj/Necr      0%         2d5       30%         1
 Magic Dart               Conj           0%         1d3       30%         1
 Call Imp                 Summ           0%         N/A       43%         2
 Confusing Touch          Hex            0%         N/A       67%         3
 Frozen Ramparts          Ice            0%         1d1       67%         3
 Hailstorm                Conj/Ice       0%         3d3       67%         3
 Mephitic Cloud           Conj/Pois/Air  0%         N/A       67%         3
 Dispel Undead            Necr           0%         3d6       97%         4


Dungeon Overview and Level Annotations

Branches:
Dungeon (5/15)
 Temple: D:4-7

Altars:
Vehumet

Annotations:
D:4 Pikel


Innate Abilities, Weirdness & Mutations

You are a hulking beast.
Your limbs bulge with bestial killing power. (Slay +2)
You cannot wear most types of armour.
You are amphibious.
You can wear up to eight rings at the same time.
Your skin changes colour to match your surroundings (Stealth+).
Your rubbery body absorbs attacks. (AC +1, EV +1)
((You are camouflaged when in or above water. (Stealth+)))
You have tentacles for arms and can constrict up to eight enemies at once.


Message History

There is a stone staircase leading up here.
You now have 127 gold pieces (gained 13).
A scorpion comes into view.
A scorpion is nearby!
A scorpion is nearby!
You tentacle-slap the scorpion. Your grab misses the scorpion.
The scorpion is lightly wounded.
The scorpion stings you.
You tentacle-slap the scorpion but do no damage.
You grab the scorpion. You squeeze the scorpion.
The scorpion is heavily wounded.
You constrict the scorpion. The scorpion closely misses you.
You tentacle-slap the scorpion. You squeeze the scorpion.
You kill the scorpion!
Your Stealth skill increases to level 3!
You have reached level 6!
Unknown command.
HP restored.
e - 2 viscous inky potions (gained 1)
A jelly comes into view.
A jelly is nearby!
A jelly is nearby!
An ogre comes into view. It is wielding a +0 giant club.
The ogre shouts!
The jelly quivers.
You tentacle-slap the ogre but do no damage.
The ogre barely misses you.
You tentacle-slap the ogre. You squeeze the ogre.
The ogre is lightly wounded.
The ogre hits you with a +0 giant club!!!
Ouch! That really hurt!
* * * LOW HITPOINT WARNING * * *
You are too injured to fight recklessly!
You are too injured to fight recklessly!
You are too injured to fight recklessly!
Unknown command.
The jelly attacks as it pursues you! The jelly hits you.
* * * LOW HITPOINT WARNING * * *
You are splashed with acid!
You die...

#.#.# #.#.#### .#
#.#....## ... ###.#.....##
#.# #..........# #.#
..#..........# #.# .
#..........#.# #.# .
.#.....#J##.####.#######.
#...O.#h##.......†......
......###.###.....######..
####.. ...........# #.# #.
##.###.....######.# #.
.................. #
#.............##.#
#..###....###.##.# #..#
#.#.## #.##.. #. #.#.#
#.###.


You could see a jelly.

Vanquished Creatures
  Eustachio (D:4)
  4 lemures
  A scorpion (D:5)
  An adder (D:2)
  A worm (D:4)
  7 endoplasms
  5 giant cockroaches
  4 goblins
  6 hobgoblins
  4 jackals
  3 quokkas
  3 ball pythons
  7 bats
  5 frilled lizards
  7 kobolds
  7 rats
66 creatures vanquished.

Notes
Turn   | Place    | Note
-------+----------+-------------------------------------------
     0 | D:1      | MacCMillion the Octopode Shapeshifter began the quest for
                  | the Orb.
     0 | D:1      | Reached XP level 1. HP: 13/13 MP: 1/1
   181 | D:1      | Reached XP level 2. HP: 18/18 MP: 2/2
   279 | D:1      | Reached skill level 1 in Stealth
   622 | D:1      | Reached XP level 3. HP: 23/23 MP: 3/3
  2183 | D:3      | Reached XP level 4. HP: 28/28 MP: 4/4
  2296 | D:3      | Found the +7 staff of the Meek {protect, meekguard}
  2833 | D:3      | Found a radiant altar of Vehumet.
  2874 | D:4      | Noticed Eustachio
  2976 | D:4      | Killed Eustachio
  2977 | D:4      | Reached skill level 4 in Unarmed Combat
  2977 | D:4      | Reached XP level 5. HP: 22/34 MP: 5/5
  3220 | D:4      | Noticed Pikel
  3220 | D:4      | Noticed a lemure
  3220 | D:4      | Noticed a lemure
  3220 | D:4      | Noticed a lemure
  3257 | D:3      | Killed a lemure
  3450 | D:4      | Killed a lemure
  3468 | D:4      | Noticed a lemure
  3809 | D:4      | Killed a lemure
  3817 | D:4      | Killed a lemure
  4005 | D:5      | Entered Level 5 of the Dungeon
  4032 | D:5      | Reached XP level 6. HP: 37/41 MP: 6/6
  4065 | D:5      | Splashed by a jelly's acid

Illustrated notes

Levels and vault maps discovered:
D:1:      scummos_arrival_checkerplants, layout_basic
D:2:      layout_loops_ring, hangedman_abyss_or_decor_stabs
D:3:      layout_loops_ring, lemuel_coloured_pillars_altar
D:4:      nicolae_cairo_tiling_very_big, layout_rooms, uniq_pikel,
          uniq_eustachio
D:5:      layout_loops_ring, mainiacjoe_overflow_cross_hatched, serial_shops,
          nicolae_shop_gibbet_a_chance,
          nicolae_shop_temple_entry_statues_fountains,
          nicolae_inconvenience_store, nicolae_shop_stone, uniq_grinder,
          uniq_edmund

Skill      XL: |  1  2  3  4  5 |
---------------+----------------+-----
Stealth        | 1 2 3 |  3.2
Fighting       | 2 |  2.4
Dodging        | 3 |  3.1
Unarmed Combat | 4 |  4.6
Shapeshifting  | |  3.6

Action                     |  1- 3 |  4- 6 || total
---------------------------+-------+-------++-------
  Melee: Unarmed           |    80 |    63 ||   143
         Constrict         |    15 |    14 ||    29
         Tentacles         |    11 |    18 ||    29
         Punch             |     1 |     1 ||     2
   Stab: Sleeping          |    14 |     4 ||    18
 Armour: Skin              |    30 |    25 ||    55
  Dodge: Dodged            |    49 |    30 ||    79

Table legend: (Time is in decaauts)
 A = Elapsed time spent in this place.
 B = Non-inter-level travel time spent in this place.
 C = Inter-level travel time spent in this place.
 D = Time resting spent in this place.
 E = Time spent auto-exploring this place.
 F = Levels seen in this place.
 G = Mean time per level.
                   A        B        C        D        E       F      G
               +--------+--------+--------+--------+--------+-----+--------+
         Total |   4060 |   3847 |    213 |    911 |   2351 |   5 |  812.0 |
       Dungeon |   4060 |   3847 |    213 |    911 |   2351 |   5 |  812.0 |
               +--------+--------+--------+--------+--------+-----+--------+

Top non-repeatable levels by time:
     D:3: 1363 daAuts
     D:2: 1047 daAuts
     D:1: 979 daAuts
     D:4: 610 daAuts
     D:5: 59 daAuts
